 Dungeon Crawl Stone Soup version 0.27.1-33-g824d729ab1 (webtiles) character file.

Game seed: 9542399327865837793

705 jl93 the Spear-Bearer (level 7, -1/52 HPs)
             Began as a Merfolk Berserker on Dec 5, 2021.
             Was a Believer of Trog.
             Slain by a wyvern (16 damage)
             ... on level 5 of the Dungeon.
             The game lasted 00:07:47 (3870 turns).

jl93 the Spear-Bearer (Merfolk Berserker)           Turns: 3870, Time: 00:07:47

Health: -1/52      AC:  6    Str: 17    XL:     7   Next: 67%
Magic:  7/7        EV: 12    Int:  6    God:    Trog [**....]
Gold:   192        SH:  0    Dex: 16    Spells: 6/6 levels left

rFire    . . .     SeeInvis .   k - +2 scythe (venom)
rCold    . . .     Faith    .   (shield currently unavailable)
rNeg     . . .     Spirit   .   b - +0 ring mail
rPois    .         Reflect  .   d - +0 helmet
rElec    .         Harm     .   (no cloak)
rCorr    .         Rampage  .   (no gloves)
Will     ++...                  (no boots)
Stlth    +.........             (no amulet)
HPRegen  1.17/turn              (no ring)
MPRegen  0.10/turn              (no ring)

@: strong-willed, on berserk cooldown, regenerating, slowed, very slow
A: (nimble swimmer 2), mertail
a: Renounce Religion, Berserk, Trog's Hand


You were on level 5 of the Dungeon.
You worshipped Trog.
Trog was pleased with you.
You visited 1 branch of the dungeon, and saw 5 of its levels.

You collected 192 gold pieces.

Inventory:

Hand Weapons
 a - a +0 spear
 k - a +2 scythe of venom (weapon)
Armour
 b - a +0 ring mail (worn)
 d - a +0 helmet (worn)
 p - a +0 scale mail
Jewellery
 i - a ring of willpower
 q - a +6 ring of dexterity
Scrolls
 c - 2 scrolls of teleportation
 g - a scroll of enchant armour {unknown}
 h - 2 scrolls of identify
 l - a scroll of enchant weapon {unknown}
 m - a scroll of torment
 n - a scroll of acquirement {unknown}
 r - a scroll of blinking {unknown}
Potions
 e - a potion of resistance {unknown}
 f - 2 potions of ambrosia {unknown}
 j - a potion of cancellation {unknown}
 o - 4 potions of lignification {unknown}
 s - a potion of heal wounds {unknown}


   Skills:
 - Level 3.2 Fighting
 * Level 11.9 Polearms
 - Level 1.3 Armour
 - Level 3.5 Dodging


You had 6 spell levels left.
You didn't know any spells.
Your spell library was empty.

Dungeon Overview and Level Annotations

Branches:
Dungeon (5/15)
 Temple: D:4-7

Altars:

Shops:
D:2 :


Innate Abilities, Weirdness & Mutations

((You are quick and stealthy near water. (Stealth+, EV+, Speed+++)))
Your lower body shifts to a powerful aquatic tail in water.


Message History

HP restored.
You climb downwards.
There is a stone staircase leading up here.
You see here a +0 quarterstaff.
Found a viscous inky potion.
Found 10 gold pieces and a scroll of identify.
Found a stone staircase leading up.
Found a pink potion.
j - a viscous inky potion
Found a stone staircase leading down.
You now have 192 gold pieces (gained 10).
s - a pink potion A shadow imp comes into view.
The shadow imp shouts, "Leave, thou fulsome toenail-biting maggot-pie!"
A shadow imp is nearby!
A shadow imp is nearby!
A red film seems to cover your vision as you go berserk!
You feel yourself moving faster!
You feel mighty!
You feel a strong urge to attack something.
You reach to attack!
You slash the shadow imp!
You kill the shadow imp!
Trog accepts your kill.
A wyvern comes into view.
Found a stone staircase leading down.
The wyvern hisses angrily.
You feel a strong urge to attack something.
You feel your anger nearly subside.
You are no longer berserk.
You are exhausted.
You feel yourself slow down.
Your skin crawls.
You feel strong-willed.
You slash the wyvern!
The wyvern looks as sick as possible!
The wyvern is moderately wounded.
The wyvern bites you. The wyvern bites you! x2
You barely miss the wyvern.
The wyvern is moderately wounded.
The wyvern bites you. x2
* * * LOW HITPOINT WARNING * * *
The wyvern bites you!
You die...

#...#.
###....#>...#
..#.##......#....#
.................
. #..##...........
.. ##
#.........<....
...#.##)<.#......#
.....
........####...###
....
........####...#
...
..........#.@..#
##..#
.......#...l...#
#....
..##...##....###
##.... .
#....#......#
#.....##
#..........## #.<#
#..........#
........#
#.....?....#
.......##
.............#
....!..
...............
...|.!.


You could see a wyvern (extremely poisoned).

Vanquished Creatures
  Sigmund (D:4)
  An ice beast (D:4)
  An ogre (D:4)
  A scorpion (D:3)
  A centaur zombie (D:3)
  A jelly (D:4)
  Terence (D:3)
  2 iguanas (D:4)
  2 orc wizards (D:3)
  3 adders (D:4)
  A shadow imp (D:5)
  2 adder skeletons (D:4)
  2 worms (D:2)
  2 dart slugs
  8 orcs
  A bat (D:3)
  3 endoplasms (D:4)
  10 giant cockroaches
  6 goblins
  3 hobgoblins
  4 jackals (D:4)
  A quokka (D:4)
  4 ball pythons
  A frilled lizard (D:2)
  6 kobolds
  3 rats
71 creatures vanquished.

Notes
Turn   | Place    | Note
-------+----------+-------------------------------------------
     0 | D:1      | jl93 the Merfolk Berserker began the quest for the Orb.
     0 | D:1      | Reached XP level 1. HP: 18/18 MP: 1/1
   230 | D:1      | Found a faded altar of an unknown god.
   726 | D:2      | Found Tucizxig's Book Shoppe.
   776 | D:2      | Reached skill level 5 in Polearms
   914 | D:2      | Reached XP level 2. HP: 24/24 MP: 2/2
  1800 | D:3      | You fall into a shaft and drop 1 floor!
  1882 | D:4      | Reached skill level 6 in Polearms
  1882 | D:4      | Reached XP level 3. HP: 29/29 MP: 3/3
  2093 | D:3      | Noticed a scorpion
  2163 | D:3      | Reached XP level 4. HP: 35/35 MP: 4/4
  2169 | D:3      | Reached skill level 7 in Polearms
  2251 | D:3      | Reached ** piety under Trog
  2398 | D:3      | Reached skill level 8 in Polearms
  2398 | D:3      | Reached XP level 5. HP: 41/41 MP: 5/5
  2517 | D:3      | Noticed Terence
  2526 | D:3      | Killed Terence
  2712 | D:3      | Reached skill level 9 in Polearms
  2712 | D:3      | Reached XP level 6. HP: 47/47 MP: 6/6
  3516 | D:4      | Reached skill level 10 in Polearms
  3563 | D:4      | Noticed Sigmund
  3571 | D:4      | Killed Sigmund
  3572 | D:4      | Reached skill level 11 in Polearms
  3572 | D:4      | Reached XP level 7. HP: 52/52 MP: 7/7
  3692 | D:5      | Entered Level 5 of the Dungeon
  3692 | D:5      | Noticed a wraith
  3862 | D:5      | Noticed a wyvern
  3870 | D:5      | Slain by a wyvern

Illustrated notes

Levels and vault maps discovered:
D:1:      dpeg_arrival_tiny_k, layout_basic, ebering_ecumenical_altar_petrified
D:2:      layout_loops_corners, serial_shops, nicolae_shop_crystal
D:3:      minmay_roachtagon, layout_basic, uniq_terence
D:4:      minmay_bubble_buster, layout_gridville, minmay_misc_feat_plants,
          uniq_sigmund
D:5:      layout_cave_pools, uniq_eustachio, uniq_blork_the_orc,
          uniq_crazy_yiuf_cottage, uniq_menkaure

Skill      XL: |  1  2  3  4  5  6 |
---------------+-------------------+-----
Polearms       | 5 6 8 9 11 | 11.9
Dodging        | 3 |  3.5
Fighting       | |  3.2
Armour         | |  1.3

Action                   |  1- 3 |  4- 6 |  7- 9 || total
-------------------------+-------+-------+-------++-------
Melee: Spear             |    85 |   164 |       ||   249
       Scythe            |       |       |    23 ||    23
Invok: Berserk           |     1 |     6 |     2 ||     9
       Trog's Hand       |       |     2 |     1 ||     3
  Use: Scroll            |       |       |     3 ||     3
 Stab: Sleeping          |     1 |       |       ||     1
Armor: Chain mail        |    19 |    24 |       ||    43
       Animal skin       |     3 |       |       ||     3
       Ring mail         |       |    16 |    11 ||    27
Dodge: Dodged            |    15 |    39 |    14 ||    68
